 Dungeon Crawl Stone Soup version 0.17-a0-1475-g9f81d98 (webtiles) character file.

37 matakusis the Cudgeler (level 3, -3/27 HPs)
             Began as a Demonspawn Gladiator on July 2, 2015.
             Slain by a kobold
             ... wielding a +0 whip
              (5 damage)
             ... on level 2 of the Dungeon.
             The game lasted 00:08:52 (1687 turns).

matakusis the Cudgeler (Demonspawn Gladiator)       Turns: 1687, Time: 00:08:53

Health: -3/27      AC:  4    Str: 16    XL:     3   Next: 21%
Magic:  0/3        EV: 12    Int: 15    God:
Gold:   92         SH:  0    Dex: 13    Spells: 0 memorised, 2 levels left

rFire  . . .     SeeInvis .     a - +0 flail
rCold  . . .     Clarity  .     b - +0 leather armour
rNeg   . . .     SustAt   .     (no shield)
rPois  .         Gourm    .     c - +0 helmet
rElec  .         Spirit   +     (no cloak)
rCorr  .         Warding  .     (no gloves)
rMut   .         Stasis   .     (no boots)
MR     +....                    n - amulet of rage
Stlth  +.........               r - +6 ring of intelligence
                                k - ring of protection from magic

@: somewhat resistant to hostile enchantments, very unstealthy
A: talons 1, magic shield
a: Evoke Berserk Rage


You were on level 2 of the Dungeon.
You were hungry.

You visited 1 branch of the dungeon, and saw 2 of its levels.

You collected 92 gold pieces.

Inventory:

Hand weapons
 a - a +0 flail (weapon)
 f - a +0 hunting sling
Missiles
 d - 4 throwing nets (quivered)
 g - 85 stones
 u - 13 poisoned needles
Armour
 b - a +0 leather armour (worn)
 c - a +0 helmet (worn)
Jewellery
 k - a ring of protection from magic (left hand)
 n - an amulet of rage (around neck)
 r - a +6 ring of intelligence (right hand)
Scrolls
 j - 2 scrolls of remove curse {unknown}
 p - a scroll of recharging {unknown}
 t - a scroll of blinking {unknown}
 v - a scroll of enchant armour {unknown}
 w - a scroll of identify {unknown}
Potions
 h - a potion of flight {unknown}
 i - a potion of agility {unknown}
 l - a potion of might {unknown}
 o - a potion of curing {unknown}
Comestibles
 e - a bread ration
 m - 2 beef jerkies
 q - 6 fruits
 s - a meat ration


   Skills:
 + Level 2.1 Fighting
 * Level 3.5 Maces & Flails
 + Level 1.8 Throwing
 * Level 3.1 Dodging


You had 2 spell levels left.
You didn't know any spells.

Dungeon Overview and Level Annotations

Branches:
Dungeon (2/15)

Altars:
Vehumet


Innate Abilities, Weirdness & Mutations

You have sharp toenails.
When hurt, damage is shared between your health and your magic reserves.


Message History

The kobold closely misses you. The kobold hits you with a whip.
The kobold hits you but does no damage. The kobold hits you but does no damage.
The kobold completely misses you. The kobold barely misses you.
The kobold barely misses you. The kobold barely misses you.
The kobold closely misses you. The kobold hits you with a whip.
* * * LOW HITPOINT WARNING * * *
The kobold hits you but does no damage. The kobold hits you with a whip.
* * * LOW HITPOINT WARNING * * *
The kobold hits you with a whip.
* * * LOW HITPOINT WARNING * * *
The kobold hits you with a whip.
* * * LOW HITPOINT WARNING * * *
The kobold hits you with a whip.
You die...

.........#..#
..########..# ...# #..#
..## #..# ...####
#..###### .#....#
#.......#
.#.#..####.......#
.#.#..#..#.#(....##<####
.......###.#..(.@K......
.........#.#?....##.####
##.#.#.#.#.#######
##...#.#.#.#
##.....#...#
##.#...#####.#
##.#.........#
.#.#.....#..##
.........#.#...


You could see a kobold.

Vanquished Creatures
  An adder (D:2)
  A worm (D:2)
  3 giant geckos
  A ball python (D:1)
  4 giant cockroaches
  2 goblins
  5 kobolds (D:1)
  5 bats
  A giant newt (D:1)
  3 rats
26 creatures vanquished.

Notes
Turn   | Place    | Note
--------------------------------------------------------------
     0 | D:1      | matakusis the Demonspawn Gladiator began the quest for the Orb.
     0 | D:1      | Reached XP level 1. HP: 16/16 MP: 1/1
   113 | D:1      | Reached skill level 3 in Maces & Flails
   327 | D:1      | Gained mutation: You have sharp toenails. [demonic ancestry]
   327 | D:1      | Reached XP level 2. HP: 16/22 MP: 2/2
  1444 | D:2      | Found a radiant altar of Vehumet.
  1518 | D:2      | Gained mutation: When hurt, damage is shared between your health and your magic reserves. [demonic ancestry]
  1518 | D:2      | Reached XP level 3. HP: 17/27 MP: 3/3
  1687 | D:2      | Slain by a kobold

Vault maps used:
D:1:      saegor_arrival_miasma, minmay_misc_feat_plants, st_stairs_11,
          roderic_aztec_sauvastika
D:2:      lemuel_coloured_pillars_altar, serial_co_window_serial,
          co_window_paths_b, co_window_paths_b, co_window_of_opportunity_a,
          co_window_of_opportunity_a, co_window_corner_a, co_window_broadway_b,
          co_window_of_opportunity_c, co_window_unsneaky_path_d,
          glass_columns_a, glass_columns_b, glass_columns_b, glass_columns_b,
          glass_columns_c, kennysheep_pointless_box

Action                   || total
-------------------------++-------
Melee: Flail             ||   134
 Stab: Sleeping          ||     2
  Eat: Chunk             ||     2
